 Dungeon Crawl Stone Soup version 0.22-a0-78-g0f8607c (webtiles) character file.

51006 KristoblXynda the Blocker (level 14, -4/115 HPs)
             Began as a Yellow Draconian Fighter on Jan 15, 2018.
             Was an Initiate of Gozag.
             Killed from afar by oplop's ghost (31 damage)
             ... with a shard of ice
             ... on level 15 of the Dungeon.
             The game lasted 00:36:58 (17776 turns).

KristoblXynda the Blocker (DrFi)                   Turns: 17776, Time: 00:37:01

Health: -4/115     AC: 20    Str: 19    XL:     14   Next: 21%
Magic:  20/20      EV: 14    Int: 13    God:    Gozag
Gold:   2562       SH: 13    Dex: 11    Spells: 7/13 levels left

rFire    + . .     SeeInvis .   o - +1 long sword (elec)
rCold    . . .     Gourm    .   b - +0 shield
rNeg     . . .     Faith    .   (armour unavailable)
rPois    .         Spirit   .   (helmet restricted)
rElec    .         Reflect  .   (no cloak)
rCorr    +         Harm     .   h - +2 pair of gloves
MR       +....     Rnd*Tele +   R - +2 pair of boots {Fly}
Stlth    ++++......             (no amulet)
HPRegen  0.29/turn              v - +5 ring of protection
MPRegen  0.17/turn              H - ring of protection from fire

@: berserk cooldown, flying, slowed, very slow
A: spit acid, acid resistance, unfitting armour, big wings, shaggy fur 1,
teleportitis 1, acidic bite, cold-blooded, AC +8
a: Breathe Acid, Stop Flying, Potion Petition, Call Merchant, Bribe Branch,
Renounce Religion


You were on level 15 of the Dungeon.
You worshipped Gozag.
Gozag was most pleased with you.
You were not hungry.

You visited 2 branches of the dungeon, and saw 16 of its levels.

You collected 3871 gold pieces.
You spent 1227 gold pieces at shops.
You paid 82 gold pieces to Gozag.

Inventory:

Hand Weapons
 o - a +1 long sword of electrocution (weapon)
 P - a +2 scimitar of protection
Missiles
 e - 2 throwing nets (quivered)
Armour
 b - a +0 shield (worn)
 h - a +2 pair of gloves (worn)
 R - a +2 pair of boots of flying (worn)
Jewellery
 r - an uncursed ring of positive energy
 v - a +5 ring of protection (left hand)
 H - a ring of protection from fire (right hand)
Wands
 s - a wand of disintegration (7)
 t - a wand of digging (23)
 E - a wand of iceblast (5)
 F - a wand of paralysis (1)
Scrolls
 a - a scroll of identify
 i - 5 scrolls of immolation
 k - 5 scrolls of magic mapping
 m - 7 scrolls of remove curse
 q - a scroll of blinking
 K - a scroll of enchant armour
Potions
 c - a potion of might
 f - a potion of ambrosia
 g - a potion of cancellation
 j - a potion of resistance
 n - 4 potions of brilliance
 w - a potion of degeneration {unknown}
 C - 2 potions of haste
 J - a potion of lignification
 U - a potion of invisibility
Books
 u - a book of Misfortune

   Spells                             Type                      Level
   a - Confusing Touch                Hexes                        1
   b - Confuse                        Hexes                        3
   c - Gell's Gravitas                Translocation                3
   d - Petrify                        Transmutation/Earth          4
   e - Metabolic Englaciation         Hexes/Ice                    5
   f - Yara's Violent Unravelling     Hexes/Transmutation          5
 y - a book of Minor Magic

   Spells                             Type                      Level
   a - Magic Dart                     Conjuration                  1
   b - Blink                          Translocation                2
   c - Call Imp                       Summoning                    2
   d - Slow                           Hexes                        2
   e - Conjure Flame                  Conjuration/Fire             3
   f - Mephitic Cloud                 Conjuration/Poison/Air       3
 z - a book of Conjurations

   Spells                             Type                      Level
   a - Magic Dart                     Conjuration                  1
   b - Searing Ray                    Conjuration                  2
   c - Dazzling Spray                 Conjuration/Hexes            3
   d - Fulminant Prism                Conjuration/Hexes            4
   e - Force Lance                    Conjuration/Translocation    4
   f - Iskenderun's Mystic Blast      Conjuration                  4
 G - a book of Clouds

   Spells                             Type                      Level
   a - Poisonous Vapours              Poison/Air                   2
   b - Mephitic Cloud                 Conjuration/Poison/Air       3
   c - Conjure Flame                  Conjuration/Fire             3
   d - Freezing Cloud                 Conjuration/Ice/Air          6
   e - Ring of Flames                 Charms/Fire                  7
 I - a book of the Sky

   Spells                             Type                      Level
   a - Summon Lightning Spire         Summoning/Air                4
   b - Silence                        Hexes/Air                    5
   c - Deflect Missiles               Charms/Air                   6
   d - Conjure Ball Lightning         Conjuration/Air              6
   e - Tornado                        Air                          9
 N - a Young Poisoner's Handbook

   Spells                             Type                      Level
   a - Sting                          Conjuration/Poison           1
   b - Poisonous Vapours              Poison/Air                   2
   c - Mephitic Cloud                 Conjuration/Poison/Air       3
   d - Olgreb's Toxic Radiance        Poison                       4
   e - Venom Bolt                     Conjuration/Poison           5
 O - a book of Battle

   Spells                             Type                      Level
   a - Infusion                       Charms                       1
   b - Shroud of Golubria             Charms/Translocation         2
   c - Song of Slaying                Charms                       2
   d - Spectral Weapon                Hexes/Charms                 3
   e - Regeneration                   Charms/Necromancy            3
 Q - a book of Unlife

   Spells                             Type                      Level
   a - Recall                         Summoning/Translocation      3
   b - Animate Dead                   Necromancy                   4
   c - Borgnjor's Vile Clutch         Necromancy/Earth             5
   d - Death Channel                  Necromancy                   6
   e - Simulacrum                     Ice/Necromancy               6
Miscellaneous
 D - a phantom mirror
Comestibles
 d - 22 rations


   Skills:
 - Level 8.0 Fighting
 + Level 13.8 Long Blades
 - Level 5.0 Dodging
 + Level 10.3 Stealth
 + Level 13.9 Shields
 + Level 8.7 Evocations


You had 7 spell levels left.
You knew the following spells:

 Your Spells              Type           Power        Failure   Level  Hunger
a - Freezing Cloud        Conj/Ice/Air   #.........   100%        6    #######


Dungeon Overview and Level Annotations

Branches:
Dungeon (15/15)            Temple (1/1) D:6            Lair (0/6) D:8
    Orc (0/2) D:11         Vaults (0/5) D:13
 Depths: D:15

Altars:
Ashenzari
Cheibriados
Dithmenos
Elyvilon
Fedhas
Gozag
Hepliaklqana
Kikubaaqudgha
Makhleb
Nemelex Xobeh
Okawaru
Qazlal
Ru
Sif Muna
Trog
Uskayaw
Vehumet
Wu Jian
Xom
Yredelemnul
Zin
The Shining One

Shops:
D:7 *   D:14 *

Annotations:
D:3 KristoblXynda's ghost, amateur DrGl
D:12 Rupert
D:15 oplop's ghost, journeyman OpIE


Innate Abilities, Weirdness & Mutations

You can spit globs of acid.
You are resistant to acid.
Your golden yellow scales are hard. (AC +8)
You cannot fit into any form of body armour.
You have acidic saliva.
You are cold-blooded and may be slowed by cold attacks.
Your large and strong wings let you fly indefinitely.
You are covered in fur. (AC +1)
You are occasionally teleported next to monsters.


Message History

The ice beast hits you but does no damage.
Oplop's ghost hits you but does no damage.
You block the ice beast's attack.
Oplop's ghost says, "What's the hurry?
You'll die anyway."
You block oplop's ghost's attack.
Oplop's ghost stares at you and mumbles some strange words.
The shard of ice hits you!
* * * LOW HITPOINT WARNING * * *
Evoke which item? (* to show all) (? for menu, Esc to quit)
Aiming: Iceblast
Press: ? - help, Shift-Dir - straight line, f/p - oplop's ghost
Aim: oplop's ghost, wielding a weapon of electrocution (moderately damaged)
The mass of ice explodes!
The iceblast engulfs oplop's ghost.
Oplop's ghost is heavily damaged.
The iceblast engulfs the ice beast.
The ice beast partially resists.
The ice beast is moderately wounded.
Oplop's ghost stares at you and mumbles some strange words.
The shard of ice hits you!
You die...
Your body crumbles into a pile of gold.

# #.# ##.#.# # # #.. ..#.# #
# #### #.#.# # # #(#.#
#..######## #$#.#
#.......... .# ##$#.#
#......<... .# #####..$.#
..#.###.#.# .#
#......#########. ###.#
.#######.####.W.@....... #.#
.........# ##Y##.$##.#. .#
#.# .#######.# #....###.# .#
#.# .## #.# ####...#.###.#
#.# ..# ##.## #........#.#
#.# ..# #...#
####..........# #.# ..#
###...###............# #.#
..###...........#...###..###
#.#
.....................Y.....#
##.#


You could see an ice beast and oplop's ghost.

Vanquished Creatures
  Nessos (D:12)
  3 hydras
  A vault guard (D:13)
  A catoblepas (D:14)
  Erolcha (D:13)
  4 centaur warriors
  2 ogre magi (D:15)
  11 two-headed ogres
  A death knight (D:15)
  3 tengu warriors
  The ghost of Graouh the Basher, a novice MiFi of Okawaru (D:8)
  3 unseen horrors
  A skeletal warrior (D:15)
  3 deep elf magi
  A phantasmal warrior (D:15)
  3 ugly things
  A manticore (D:14)
  5 cyclopes
  2 gargoyles
  A komodo dragon (D:15)
  3 kobold demonologists
  A freezing wraith (D:14)
  5 trolls
  A harpy skeleton (D:14)
  A harpy zombie (D:15)
  3 hornets
  2 hippogriffs
  4 wraiths
  7 redbacks (D:15)
  30 yaks
  2 shadows
  3 wyverns
  Sigmund (D:2)
  A spriggan (D:7)
  A hungry ghost (D:8)
  4 basilisks
  4 vampire mosquitoes (D:15)
  Menkaure (D:7)
  4 wargs (D:11)
  A water moccasin (D:11)
  An acid dragon (D:15)
  4 sky beasts
  An eye of draining (D:11)
  7 ice beasts
  2 black bears
  3 orc warriors
  2 necrophages
  19 ogres
  2 phantoms
  15 centaurs
  A crocodile (D:15)
  12 bullfrogs
  2 big kobolds
  A water moccasin zombie (D:6)
  A wyvern zombie (D:13)
  A gnoll sergeant (D:5)
  4 scorpions
  8 killer bees
  6 wights
  6 howler monkeys
  5 centaur zombies
  5 crimson imps
  A quasit (D:8)
  4 jellies
  2 lava snakes (D:9)
  7 orc priests
  6 hounds
  9 orc wizards
  3 bullfrog skeletons
  9 centaur skeletons
  Natasha (thrice) (D:2)
  2 iguanas
  8 worker ants
  A hound zombie (D:6)
  A hound skeleton (D:9)
  2 worker ant zombies
  A howler monkey skeleton (D:7)
  12 adders
  3 gnolls (D:5)
  3 shadow imps
  3 oozes
  An adder zombie (D:6)
  An adder skeleton (D:9)
  A worm (D:4)
  3 dart slugs
  5 leopard geckos
  44 orcs
  A ball python (D:2)
  5 giant cockroaches
  3 goblins
  10 hobgoblins
  16 jackals
  6 quokkas
  2 ball python skeletons (D:4)
  6 bats
  2 frilled lizards (D:4)
  17 kobolds
  A quokka skeleton (D:5)
  8 rats
448 creatures vanquished.

Vanquished Creatures (others)
  An unseen horror (D:15)
1 creature vanquished.

Grand Total: 449 creatures vanquished

Notes
Turn   | Place    | Note
-------+----------+-------------------------------------------
     0 | D:1      | KristoblXynda the Draconian Fighter began the quest for the Orb.
     0 | D:1      | Reached XP level 1. HP: 19/19 MP: 1/1
    79 | D:1      | Reached XP level 2. HP: 20/26 MP: 2/2
   601 | D:1      | Reached XP level 3. HP: 30/31 MP: 3/3
   763 | D:2      | Found a hazy altar of Hepliaklqana.
   893 | D:2      | Noticed Sigmund
   922 | D:2      | Killed Sigmund
   922 | D:2      | Reached XP level 4. HP: 24/38 MP: 4/4
   922 | D:2      | Reached XP level 5. HP: 28/45 MP: 5/5
  1137 | D:2      | Reached XP level 6. HP: 43/51 MP: 6/6
  1140 | D:2      | Noticed Natasha
  1150 | D:2      | Killed Natasha
  1155 | D:2      | Noticed Natasha
  1163 | D:2      | Killed Natasha
  1325 | D:2      | Noticed Natasha
  1334 | D:2      | Killed Natasha
  2194 | D:4      | Reached skill level 5 in Shields
  2284 | D:3      | Noticed KristoblXynda's ghost (amateur DrGl)
  2464 | D:4      | Your scales start taking on a golden yellow colour.
  2464 | D:4      | Reached XP level 7. HP: 54/57 MP: 7/7
  2727 | D:4      | Reached skill level 5 in Dodging
  2754 | D:4      | Reached skill level 5 in Long Blades
  3178 | D:5      | Entered Level 5 of the Dungeon
  3389 | D:5      | Reached XP level 8. HP: 44/66 MP: 8/8
  4293 | D:6      | Reached skill level 5 in Fighting
  4342 | D:6      | Found a staircase to the Ecumenical Temple.
  4382 | Temple   | Entered the Ecumenical Temple
  4499 | Temple   | Became a worshipper of Gozag Ym Sagoz the Greedy
  4546 | D:6      | Found a shadowy altar of Dithmenos.
  4730 | D:6      | Found a shattered altar of Ashenzari.
  4826 | D:6      | Reached XP level 9. HP: 75/75 MP: 9/9
  5564 | D:7      | Found Hestun's General Store.
  5572 | D:7      | Bought a ration for 70 gold pieces
  5572 | D:7      | Bought a +0 long sword of electrocution for 149 gold pieces
  5856 | D:7      | Noticed Menkaure
  5861 | D:7      | Killed Menkaure
  6273 | D:8      | Noticed Graouh's ghost (novice MiFi)
  6371 | D:8      | Killed Graouh's ghost
  6371 | D:8      | Reached skill level 1 in Evocations
  6371 | D:8      | Reached XP level 10. HP: 88/88 MP: 9/11
  6453 | D:8      | Noticed a two-headed ogre
  6458 | D:8      | Killed a two-headed ogre
  6636 | D:8      | Noticed a two-headed ogre
  6642 | D:8      | Killed a two-headed ogre
  6683 | D:8      | Found a staircase to the Lair.
  7010 | D:9      | Found a shadowy altar of Dithmenos.
  7012 | D:9      | Found a snail-covered altar of Cheibriados.
  7841 | D:9      | Reached skill level 10 in Shields
  8034 | D:10     | Entered Level 10 of the Dungeon
  8095 | D:10     | Killed an unseen horror
  8095 | D:10     | Reached skill level 5 in Evocations
  8142 | D:10     | Reached skill level 10 in Long Blades
  8268 | D:10     | Reached skill level 1 in Stealth
  8278 | D:10     | Reached XP level 11. HP: 85/94 MP: 14/14
  8736 | D:10     | Learned a level 6 spell: Freezing Cloud
  9069 | D:10     | Found Otteixyck's Food Shop.
  9075 | D:10     | Bought a ration for 50 gold pieces
  9075 | D:10     | Bought a ration for 50 gold pieces
  9075 | D:10     | Bought a ration for 50 gold pieces
  9075 | D:10     | Bought a ration for 50 gold pieces
  9075 | D:10     | Bought a ration for 50 gold pieces
  9075 | D:10     | Bought a ration for 50 gold pieces
  9075 | D:10     | Bought a ration for 50 gold pieces
  9075 | D:10     | Bought a ration for 50 gold pieces
  9075 | D:10     | Bought a ration for 50 gold pieces
  9075 | D:10     | Bought a ration for 50 gold pieces
  9075 | D:10     | Bought a ration for 50 gold pieces
  9230 | D:11     | Noticed an eight-headed hydra
  9383 | D:11     | Killed an eight-headed hydra
  9570 | D:11     | Found a staircase to the Orcish Mines.
 10372 | D:11     | Noticed a soul eater
 10373 | D:11     | Noticed a soul eater
 10583 | D:12     | Reached skill level 5 in Stealth
 11151 | D:12     | Noticed a sixfirhy
 11257 | D:12     | Noticed Nessos
 11273 | D:12     | Killed Nessos
 11273 | D:12     | Reached XP level 12. HP: 44/101 MP: 15/15
 11538 | D:12     | Noticed Rupert
 12419 | D:13     | Noticed Erolcha
 12439 | D:13     | Killed Erolcha
 12591 | D:13     | Noticed a vault guard
 12604 | D:13     | Noticed a tengu warrior
 12613 | D:13     | Killed a vault guard
 12628 | D:13     | Killed a tengu warrior
 12639 | D:13     | Found a gate to the Vaults.
 12969 | D:13     | Noticed a two-headed ogre
 13013 | D:13     | Killed a two-headed ogre
 13057 | D:13     | Noticed a six-headed hydra
 13071 | D:13     | Killed a six-headed hydra
 13636 | D:14     | Reached XP level 13. HP: 36/107 MP: 17/17
 14341 | D:14     | Found Qiacs's Assorted Antiques.
 14387 | D:14     | Bought a scroll labeled ZEOBYF OSENIH for 37 gold pieces
 14387 | D:14     | Bought a pair of runed boots for 277 gold pieces
 14387 | D:14     | Bought a scroll of identify for 74 gold pieces
 14387 | D:14     | Bought a scroll labeled UFFESEIPT for 37 gold pieces
 14387 | D:14     | Bought a sedimented emerald potion for 33 gold pieces
 14658 | D:14     | Paralysed by a hornet for 1 turns
 14948 | D:15     | Entered Level 15 of the Dungeon
 15899 | D:15     | Noticed oplop's ghost (journeyman OpIE)
 16329 | D:15     | Reached skill level 10 in Stealth
 16412 | D:15     | Gained mutation: You have acidic saliva. [Yellow Draconian growth]
 16412 | D:15     | Reached XP level 14. HP: 114/115 MP: 20/20
 16424 | D:15     | Gained mutation: You are covered in fur. (AC +1) [potion of mutation]
 16424 | D:15     | Gained mutation: You are frail. (-10% HP) [potion of mutation]
 16424 | D:15     | Gained mutation: Your tail ends in a poisonous barb. [potion of mutation]
 16425 | D:15     | Lost mutation: You are frail. (-10% HP) [potion of mutation]
 16425 | D:15     | Lost mutation: Your tail ends in a poisonous barb. [potion of mutation]
 16425 | D:15     | Gained mutation: Your large and strong wings let you fly indefinitely. [potion of mutation]
 16425 | D:15     | Gained mutation: Potions are less effective at restoring your health. [potion of mutation]
 16425 | D:15     | Gained mutation: You are robust. (+10% HP) [potion of mutation]
 16643 | D:15     | Lost mutation: Potions are less effective at restoring your health. [potion of mutation]
 16643 | D:15     | Lost mutation: You are robust. (+10% HP) [potion of mutation]
 16643 | D:15     | Lost mutation: Your large and strong wings let you fly indefinitely. [potion of mutation]
 16643 | D:15     | Gained mutation: You are occasionally teleported next to monsters. [potion of mutation]
 16643 | D:15     | Gained mutation: Your large and strong wings let you fly indefinitely. [potion of mutation]
 17776 | D:15     | Killed from afar by oplop's ghost

Vault maps used:
D:1:      dpeg_arrival_rooms_a
D:2:      old_standard_altar, uniq_sigmund, uniq_natasha
D:3:      first_ration
D:5:      lightli_minifort
D:6:      evilmike_ruin_ashenzari, temple_pool_b,
          nicolae_dithmenos_shadow_blocks
D:7:      serial_shops, shop_statue, the_bakery, uniq_menkaure
D:8:      lair_entry_dummy, minmay_tree_intersection
D:9:      grunt_temple_overflow_open, serial_glass, glass_columns_a,
          glass_columns_c, kennysheep_small_spiral, minivault_4
D:10:     serial_shops, shop, nrook_pool_corridor
D:11:     minmay_orc_entry_guard_dogs
D:12:     uniq_nessos, uniq_rupert
D:13:     david_vaults_5, uniq_erolcha
D:14:     serial_shops, shop
D:15:     grunt_enter_depths_snipers, serial_shops, shop,
          minmay_stone_trees_medium, minmay_misc_feat_roman, minivault_27,
          spider_trap, nicolae_gozag_cash_rules_everything_around_me
Temple:   regret_index_temple_mists

Skill      XL: |  1  2  3  4  5  6  7  8  9 10 11 12 13 |
---------------+----------------------------------------+-----
Dodging        | 3 4 5 |  5.0
Long Blades    | 3 4 5 7 8 10 11 12 13 | 13.8
Shields        | 4 5 6 7 9 10 11 12 13 | 13.9
Fighting       | 4 6 8 |  8.0
Evocations     | 1 5 8 |  8.7
Stealth        | 1 6 8 10 | 10.3

Action                   |  1- 3 |  4- 6 |  7- 9 | 10-12 | 13-15 || total
-------------------------+-------+-------+-------+-------+-------++-------
Melee: Long sword        |    86 |   138 |   514 |   726 |   425 ||  1889
       Tailslap          |     8 |    12 |    76 |   130 |    76 ||   302
       Scimitar          |       |       |       |       |    71 ||    71
       Bite              |       |       |       |       |    17 ||    17
 Abil: Breathe Acid      |       |       |     4 |    14 |    10 ||    28
Evoke: Wand              |       |       |     4 |    33 |    24 ||    61
  Use: Scroll            |       |     6 |     5 |     8 |     8 ||    27
       Potion            |       |       |     6 |     3 |     8 ||    17
 Stab: Sleeping          |       |       |     3 |     3 |     9 ||    15
       Distracted        |       |       |     1 |     3 |     6 ||    10
       Paralysed         |       |       |       |    24 |       ||    24
  Eat: Chunk             |       |     5 |     7 |       |       ||    12
       Ration            |       |       |     3 |     8 |     4 ||    15
Armor: Skin              |    21 |    49 |   236 |   188 |   157 ||   651
Dodge: Dodged            |    44 |    65 |   210 |   250 |   127 ||   696
Block: Shield            |    38 |    75 |   330 |   379 |   227 ||  1049
       Rpst.: Long sword |    18 |    20 |    64 |    63 |    29 ||   194
       Scimitar          |       |       |       |       |     3 ||     3

Table legend:
 A = Spawn XP
 B = Non-spawn XP
 C = Spawn XP percentage of total XP
 D = Spawn monster count
 E = Non-spawn monster count
 F = Spawn count percentage of total count
 G = Total turns spent on level
                    A         B        C        D         E        F      G
               +---------+---------+-------+---------+---------+-------+---------
         Total |       0 |   72866 |   0.0 |       0 |     449 |   0.0 | 17776
               +---------+---------+-------+---------+---------+-------+---------
           D:1 |       0 |      44 |   0.0 |       0 |      24 |   0.0 |   700
           D:2 |       0 |     471 |   0.0 |       0 |      29 |   0.0 |   740
           D:3 |       0 |      31 |   0.0 |       0 |      10 |   0.0 |   861
           D:4 |       0 |     468 |   0.0 |       0 |      32 |   0.0 |   877
           D:5 |       0 |     834 |   0.0 |       0 |      23 |   0.0 |  1080
           D:6 |       0 |    1242 |   0.0 |       0 |      25 |   0.0 |   919
           D:7 |       0 |    1307 |   0.0 |       0 |      28 |   0.0 |   763
           D:8 |       0 |    3649 |   0.0 |       0 |      21 |   0.0 |   758
           D:9 |       0 |    1487 |   0.0 |       0 |      17 |   0.0 |  1198
          D:10 |       0 |    3931 |   0.0 |       0 |      43 |   0.0 |  1133
          D:11 |       0 |    5300 |   0.0 |       0 |      39 |   0.0 |  1668
          D:12 |       0 |    7228 |   0.0 |       0 |      30 |   0.0 |  1504
          D:13 |       0 |   10429 |   0.0 |       0 |      36 |   0.0 |  1239
          D:14 |       0 |   10026 |   0.0 |       0 |      30 |   0.0 |  2231
          D:15 |       0 |   26419 |   0.0 |       0 |      62 |   0.0 |  1967
               +---------+---------+-------+---------+---------+-------+---------
